 Dungeon Crawl Stone Soup version 0.26.1-11-gd32895ea62 (webtiles) character file.

Game seed: 9781179603593449105

48 Arcadio the Insei (level 3, -4/26 HPs)
             Began as a Merfolk Transmuter on May 19, 2021.
             Slain by a white imp (5 damage)
             ... summoned by Natasha
             ... on level 2 of the Dungeon.
             The game lasted 00:02:06 (977 turns).

Arcadio the Insei (Merfolk Transmuter)               Turns: 977, Time: 00:02:10

Health: -4/26      AC:  2    Str: 11    XL:     3   Next: 72%
Magic:  6/6        EV: 14    Int: 12    God:
Gold:   62         SH:  0    Dex: 14    Spells: 3/6 levels left

rFire    . . .     SeeInvis .     - Unarmed
rCold    . . .     Faith    .   (no shield)
rNeg     . . .     Spirit   .   a - +0 robe
rPois    .         Reflect  .   (helmet currently unavailable)
rElec    .         Harm     .   (no cloak)
rCorr    .         Rampage  .   (no gloves)
Will     .....                  (boots currently unavailable)
Stlth    +.........             (no amulet)
HPRegen  0.08/turn              (no ring)
MPRegen  0.10/turn              (no ring)

@: appendages (expiring), slowed, very slow
A: change form in water, swift swim, stealthy swim, horns 2
a: End Transformation


You were on level 2 of the Dungeon.
You had grown temporary horns.
You visited 1 branch of the dungeon, and saw 2 of its levels.

You collected 62 gold pieces.

Inventory:

Missiles
 i - 3 javelins
Armour
 a - a +0 robe (worn)
Scrolls
 c - a scroll of teleportation {unknown}
 d - a scroll of identify {unknown}
 g - 2 scrolls of remove curse {unknown}
 j - 3 scrolls of enchant armour {unknown}
Potions
 b - a potion of berserk rage {unknown}
 e - a potion of flight {unknown}
 f - a potion of attraction {unknown}
 h - a potion of haste {unknown}
 k - a potion of curing {unknown}


   Skills:
 - Level 1.1 Fighting
 + Level 3.6 Dodging
 + Level 4.0 Unarmed Combat
 - Level 2.0 Spellcasting
 + Level 3.7 Transmutations


You had 3 spell levels left.
You knew the following spells:

 Your Spells              Type           Power        Failure   Level
a - Beastly Appendage     Tmut           20%          6%          1
b - Wereblood             Tmut           10%          9%          2

Your spell library contained the following spells:

 Spells                   Type           Power        Failure   Level
 Spider Form              Tmut/Pois      2%           36%         3
 Ice Form                 Ice/Tmut       5%           77%         4
 Blade Hands              Tmut           5%           86%         5


Dungeon Overview and Level Annotations

Branches:
Dungeon (1/15)

Altars:

Annotations:
D:2 Natasha


Innate Abilities, Weirdness & Mutations

You revert to your normal form in water.
You are very nimble and swift while swimming.
You are very stealthy in the water. (Stealth+)
You have a pair of horns on your head.


Message History

Your transformation is almost over.
Natasha misses you.
You barely miss Natasha.
Natasha is moderately wounded.
Natasha mumbles some strange words.
You closely miss Natasha. Your headbutt misses Natasha.
Natasha is moderately wounded.
Natasha claws you. The white imp misses you. Natasha claws you!
You barely miss Natasha.
Natasha is moderately wounded.
The white imp gestures at you. The puff of frost hits you.
Natasha barely misses you.
You closely miss Natasha.
Natasha is moderately wounded.
The white imp closely misses you. Natasha claws you.
* * * LOW HITPOINT WARNING * * *
The white imp hits you.
* * * LOW HITPOINT WARNING * * *
The white imp freezes you.
You die...

#...P.≈≈≈[...##.#
#....≈≈≈≈≈..P##.#
#...≈≈≈≈≈≈≈..##.#
##.≈≈≈≈≈≈≈≈≈≈.##.#
#..≈≈≈(≈≈≈≈≈≈.##.#
#...≈≈≈≈≈≈≈≈P.##.#
#..P..≈≈≈≈≈P...#.#
#..P...≈≈.P.....5#
#.............##@#
#.#####.########h#
#. #... ... #.
##### ..... #.
......# #......#
#......# .......#


You could see Natasha and a white imp (summoned).

Vanquished Creatures
  Natasha (D:2)
  2 dart slugs (D:1)
  A leopard gecko (D:1)
  4 hobgoblins
  A bat (D:1)
  A frilled lizard (D:1)
  2 goblins (D:1)
  5 kobolds
  3 rats (D:1)
20 creatures vanquished.

Vanquished Creatures (others)
  A plant (D:2)
1 creature vanquished.

Grand Total: 21 creatures vanquished

Notes
Turn   | Place    | Note
-------+----------+-------------------------------------------
     0 | D:1      | Arcadio the Merfolk Transmuter began the quest for the Orb.
     0 | D:1      | Reached XP level 1. HP: 15/15 MP: 3/3
   291 | D:1      | Reached XP level 2. HP: 21/21 MP: 5/5
   415 | D:1      | Learned a level 2 spell: Wereblood
   677 | D:1      | You fall into a shaft and drop 1 floor!
   699 | D:2      | Reached XP level 3. HP: 14/26 MP: 4/6
   705 | D:2      | Noticed Natasha
   714 | D:2      | Killed Natasha
   715 | D:2      | Reached skill level 4 in Unarmed Combat
   726 | D:2      | Noticed Natasha
   977 | D:2      | HP: 1/26 [white imp[Natasha] (3)]
   977 | D:2      | Slain by a white imp

Illustrated notes

Levels and vault maps discovered:
D:1:      zelgadis_glass_arrival_small, layout_rooms
D:2:      layout_basic, old_standard_altar, lemuel_doored_altar,
          grunt_qazlal_clouds, corner_web_ring, kennysheep_donut,
          guppyfry_early_lair_pool, uniq_natasha

Skill      XL: |  1  2  3 |
---------------+----------+-----
Dodging        | 3 |  3.6
Transmutations | 3 |  3.7
Unarmed Combat | 4 |  4.0
Fighting       | |  1.1
Spellcasting   | |  2.0

Action                   || total
-------------------------++-------
Melee: Unarmed           ||    84
       Headbutt          ||     5
       Punch             ||     1
 Cast: Beastly Appendage ||     4
Armor: Robe              ||     4
Dodge: Dodged            ||    55
